 Dungeon Crawl Stone Soup version 0.22-a0-422-g9628fc8 (webtiles) character file.

3767 Borgoz the Cleaver (level 9, -4/81 HPs)
             Began as a Minotaur Gladiator on May 22, 2018.
             Was a Follower of Kikubaaqudgha.
             Slain by a polar bear (18 damage)
             ... on level 8 of the Dungeon.
             The game lasted 00:10:10 (5205 turns).

Borgoz the Cleaver (Minotaur Gladiator)             Turns: 5205, Time: 00:10:11

Health: -4/81      AC: 11    Str: 20    XL:     9   Next: 94%
Magic:  8/8        EV: 15    Int:  5    God:    Kikubaaqudgha [*.....]
Gold:   492        SH:  0    Dex: 14    Spells: 8/8 levels left

rFire    . . .     SeeInvis .   z - +0 war axe
rCold    . . .     Gourm    .   (no shield)
rNeg     . . .     Faith    .   A - +3 leather armour
rPois    .         Spirit   .   y - +2 hat
rElec    .         Reflect  .   (no cloak)
rCorr    +         Harm     .   (no gloves)
MR       .....                  n - +2 pair of boots
Stlth    +.........             (no amulet)
HPRegen  0.23/turn              k - ring of loudness (curse)
MPRegen  0.11/turn              s - ring of resist corrosion

@: no status effects
A: retaliatory headbutt, horns 2
a: Receive Corpses, Renounce Religion


You were on level 8 of the Dungeon.
You worshipped Kikubaaqudgha.
Kikubaaqudgha was aware of your devotion.
You were not hungry.

You visited 2 branches of the dungeon, and saw 9 of its levels.

You collected 492 gold pieces.

Inventory:

Hand Weapons
 l - a +3 dagger of chaos
 z - a +0 war axe (weapon)
Missiles
 d - 3 throwing nets (quivered)
Armour
 n - a +2 pair of boots (worn)
 y - a +2 hat (worn)
 A - a +3 leather armour (worn)
Jewellery
 k - a cursed ring of loudness (left hand)
 r - an uncursed amulet of magic regeneration
 s - a ring of resist corrosion (right hand)
 C - an uncursed ring of stealth
 E - an uncursed ring of magical power
Wands
 t - a wand of iceblast (15)
 x - a wand of polymorph (29)
Scrolls
 b - a scroll of torment {unknown}
 e - 3 scrolls of teleportation
 h - 2 scrolls of enchant weapon {unknown}
 j - 5 scrolls of remove curse
 o - 2 scrolls of amnesia {unknown}
 p - a scroll of magic mapping {unknown}
 v - a scroll of noise {unknown}
 w - a scroll of blinking {unknown}
 D - a scroll of enchant armour {unknown}
Potions
 a - a potion of berserk rage
 c - a potion of lignification
 g - 4 potions of magic
 m - a potion of heal wounds
 q - 2 potions of agility
 u - a potion of invisibility
 B - a potion of might
Comestibles
 f - 7 rations
 i - 5 chunks of flesh


   Skills:
 + Level 8.0 Fighting
 + Level 12.6 Axes
 + Level 2.2 Throwing
 + Level 5.0 Armour
 + Level 6.7 Dodging
 + Level 1.7 Stealth


You had 8 spell levels left.
You didn't know any spells.
Your spell library contained the following spells:

 Spells                   Type           Power        Failure   Level  Hunger
 Conjure Flame            Conj/Fire      #.......     88%         3    ####...
 Lightning Bolt           Conj/Air       #.........   100%        5    ######.
 Freezing Cloud           Conj/Ice/Air   #.........   100%        6    #######
 Mephitic Cloud           Conj/Pois/Air  #.......     88%         3    ####...
 Ring of Flames           Chrm/Fire      #.........   100%        7    #######
 Venom Bolt               Conj/Pois      #.........   100%        5    ######.
 Olgreb's Toxic Radiance  Pois           #.......     99%         4    #####..
 Pain                     Necr           #...         52%         1    ##.....
 Animate Skeleton         Necr           N/A          52%         1    ##.....
 Vampiric Draining        Necr           #.........   88%         3    ####...
 Sting                    Conj/Pois      #...         52%         1    ##.....
 Sublimation of Blood     Necr           #.........   67%         2    ###....
 Shock                    Conj/Air       #...         52%         1    ##.....
 Swiftness                Chrm/Air       #.......     67%         2    ###....
 Airstrike                Air            #.........   99%         4    #####..
 Static Discharge         Conj/Air       #.......     88%         3    ####...
 Poisonous Vapours        Pois/Air       #.....       67%         2    ###....


Dungeon Overview and Level Annotations

Branches:
Dungeon (8/15)             Temple (1/1) D:5
   Lair: D:8-11

Altars:
Ashenzari
Cheibriados
Dithmenos
Elyvilon
Fedhas
Gozag
Hepliaklqana
Kikubaaqudgha
Makhleb
Nemelex Xobeh
Okawaru
Qazlal
Ru
Sif Muna
Trog
Uskayaw
Vehumet
Wu Jian
Xom
Yredelemnul
Zin
The Shining One

Shops:
D:5 ([%[


Innate Abilities, Weirdness & Mutations

You reflexively headbutt those who attack you in melee.
You have a pair of horns on your head.


Message History

You hit the polar bear but do no damage.
You headbutt the polar bear!
The polar bear is heavily wounded.
The polar bear misses you.
The polar bear claws you but does no damage.
The polar bear barely misses you.
You hit the polar bear.
The polar bear is lightly wounded.
You hit the polar bear but do no damage.
You hit the sky beast but do no damage. The polar bear completely misses you.
The polar bear closely misses you. The polar bear barely misses you.
The sky beast hits you but does no damage.
You barely miss the polar bear.
The polar bear is lightly wounded.
You hit the sky beast but do no damage. You barely miss the polar bear.
The polar bear bites you!
* * * LOW HITPOINT WARNING * * *
The polar bear closely misses you. x2; The polar bear bites you!!
You die...
Kikubaaqudgha rasps: "You have failed me!
Welcome... death!"

#........
...#.#.###.....p.#
.................#
....#.##........#
#..#.##....p...## #
#...............#
#.###.....#..Yh..8..#
...........)@h#
#)....(...#.#
####...#.###.......
........[# ###.####
####.###.## #.# ##)##
#.# ##[###.#
#.รท.#.######.
#...)........


You could see 2 polar bears, a sky beast and 2 neutral freed slaves.

Vanquished Creatures
  A two-headed ogre (D:8)
  Pikel (D:8)
  The ghost of azzavlup the Cleaver, a novice HOBe of Trog (D:5)
  Psyche (D:7)
  A yak (D:8)
  A water moccasin (D:6)
  A slave (D:8)
  2 ice beasts
  3 ogres
  A black bear (D:6)
  2 centaurs
  A scorpion (D:6)
  3 killer bees (D:7)
  A howler monkey (D:4)
  A bullfrog zombie (D:6)
  3 crimson imps (D:5)
  A jelly (D:8)
  6 orc priests
  A bullfrog skeleton (D:6)
  2 hounds
  A centaur skeleton (D:4)
  Jessica (D:3)
  5 orc wizards
  4 worker ants
  A hound zombie (D:5)
  A howler monkey zombie (D:5)
  6 adders
  A shadow imp (D:6)
  3 oozes
  An adder skeleton (D:7)
  2 adder zombies
  A worm (D:3)
  3 dart slugs
  A leopard gecko (D:4)
  31 orcs
  A ball python (D:3)
  5 bats
  5 giant cockroaches
  6 goblins
  6 hobgoblins
  8 jackals
  3 quokkas
  6 frilled lizards
  13 kobolds
  A leopard gecko zombie (D:5)
  A quokka zombie (D:3)
  9 rats
160 creatures vanquished.

Vanquished Creatures (others)
  A slave (D:8)
  An adder (D:8)
  A shadow imp (D:8)
3 creatures vanquished.

Grand Total: 163 creatures vanquished

Notes
Turn   | Place    | Note
-------+----------+-------------------------------------------
     0 | D:1      | Borgoz the Minotaur Gladiator began the quest for the Orb.
     0 | D:1      | Reached XP level 1. HP: 18/18 MP: 0/0
    21 | D:1      | Reached XP level 2. HP: 25/25 MP: 1/1
    70 | D:1      | Reached skill level 4 in Axes
   402 | D:2      | Reached XP level 3. HP: 30/30 MP: 2/2
   904 | D:3      | Reached XP level 4. HP: 38/38 MP: 3/3
   905 | D:3      | Reached skill level 5 in Axes
   940 | D:3      | Found a shattered altar of Ashenzari.
   943 | D:3      | Found a blossoming altar of Fedhas.
  1057 | D:3      | Reached XP level 5. HP: 45/45 MP: 4/4
  1167 | D:3      | Noticed Jessica
  1173 | D:3      | Killed Jessica
  1173 | D:3      | Reached skill level 6 in Axes
  1173 | D:3      | Reached skill level 1 in Armour
  1468 | D:4      | Reached XP level 6. HP: 44/51 MP: 5/5
  1516 | D:4      | Reached skill level 7 in Axes
  1657 | D:4      | Reached skill level 5 in Dodging
  1657 | D:4      | Reached XP level 7. HP: 20/59 MP: 6/6
  2071 | D:4      | Found a sparkling altar of Nemelex Xobeh.
  2294 | D:5      | Entered Level 5 of the Dungeon
  2324 | D:5      | Found Qewne's Food Shop.
  2362 | D:5      | Noticed azzavlup's ghost (novice HOBe)
  2385 | D:5      | Killed azzavlup's ghost
  2385 | D:5      | Reached skill level 8 in Axes
  2620 | D:5      | Reached skill level 5 in Fighting
  2661 | D:5      | Reached XP level 8. HP: 68/68 MP: 7/7
  2745 | D:5      | Reached skill level 9 in Axes
  2746 | D:5      | Found Fyst's Weapon Emporium.
  2810 | D:5      | Reached skill level 1 in Stealth
  2871 | D:5      | Found Xale's Armour Shoppe.
  2917 | D:5      | Found Vemas's Antique Armour Emporium.
  3045 | D:5      | Found a staircase to the Ecumenical Temple.
  3146 | Temple   | Entered the Ecumenical Temple
  3239 | Temple   | Became a worshipper of Kikubaaqudgha
  3724 | D:6      | Found a white marble altar of Elyvilon.
  3727 | D:6      | Found a shimmering altar of Xom.
  3732 | D:6      | Found a basalt altar of Yredelemnul.
  3735 | D:6      | Found a snail-covered altar of Cheibriados.
  3971 | D:6      | Found a deep blue altar of Sif Muna.
  4147 | D:6      | Reached skill level 10 in Axes
  4460 | D:6      | Reached * piety under Kikubaaqudgha
  4460 | D:6      | Identified Kikubaaqudgha's Almanac of Unholy Rituals (Kikubaaqudgha gifted it to you on level 6 of the Dungeon)
  4460 | D:6      | Received a gift from Kikubaaqudgha
  4579 | D:7      | Reached XP level 9. HP: 69/75 MP: 8/8
  5010 | D:8      | Noticed Psyche
  5017 | D:7      | Killed Psyche
  5017 | D:7      | Reached skill level 11 in Axes
  5119 | D:8      | Noticed a two-headed ogre
  5132 | D:8      | Killed a two-headed ogre
  5132 | D:8      | Reached skill level 12 in Axes
  5141 | D:8      | Noticed Pikel
  5149 | D:8      | Killed Pikel
  5169 | D:8      | Reached skill level 5 in Armour
  5194 | D:8      | Noticed a polar bear
  5197 | D:8      | Noticed a polar bear
  5205 | D:8      | Slain by a polar bear

Vault maps used:
D:1:      onia_arrival_mini_spirals, minmay_fountain_box, minmay_misc_feat_roman
D:3:      gammafunk_temple_overflow_pools, first_ration, serial_corexii_hall,
          corexii_hall_statues_deadend, corexii_hall_statues_x,
          corexii_hall_statues_l, corexii_hall_statues_x, uniq_jessica
D:4:      nemelex_xobeh_ov_fountains_minmay
D:5:      minmay_temple_entry_fiery, serial_shops, nicolae_shop_waterfront,
          nicolae_shop_behind_doors, shop_coins, shop, palyth_stone_intersect
D:6:      minitemple, led_sif_book
D:7:      uniq_joseph
D:8:      serial_ice, serial_ice_h, serial_ice_o, serial_ice_c, serial_ice_d,
          serial_ice_a, serial_shops, nicolae_shop_trees, shop, shop,
          hangedman_pestilent_swarm, uniq_erica, uniq_grum, uniq_pikel,
          uniq_psyche
Temple:   lightli_temple_of_artemis

Skill      XL: |  1  2  3  4  5  6  7  8  9 |
---------------+----------------------------+-----
Axes           | 4 5 6 7 8 10 12 | 12.6
Fighting       | 3 4 5 6 8 |  8.0
Dodging        | 4 5 6 |  6.7
Armour         | 1 2 3 4 5 |  5.0
Stealth        | 1 |  1.7
Throwing       | |  2.2

Action                   |  1- 3 |  4- 6 |  7- 9 || total
-------------------------+-------+-------+-------++-------
Melee: War axe           |    68 |    79 |   221 ||   368
       Headbutt          |    11 |    10 |    44 ||    65
  Use: Potion            |       |     2 |     2 ||     4
       Scroll            |       |       |     9 ||     9
  Eat: Chunk             |       |     2 |    12 ||    14
Armor: Leather armour    |    22 |    25 |    69 ||   116
       Skin              |       |       |     2 ||     2
Dodge: Dodged            |    63 |    77 |   158 ||   298

Table legend:
 A = Spawn XP
 B = Non-spawn XP
 C = Spawn XP percentage of total XP
 D = Spawn monster count
 E = Non-spawn monster count
 F = Spawn count percentage of total count
 G = Total turns spent on level
                    A         B        C        D         E        F      G
               +---------+---------+-------+---------+---------+-------+---------
         Total |       0 |    5382 |   0.0 |       0 |     160 |   0.0 |  5205
               +---------+---------+-------+---------+---------+-------+---------
           D:1 |       0 |      35 |   0.0 |       0 |      21 |   0.0 |   379
           D:2 |       0 |      55 |   0.0 |       0 |      18 |   0.0 |   523
           D:3 |       0 |     289 |   0.0 |       0 |      33 |   0.0 |   547
           D:4 |       0 |     471 |   0.0 |       0 |      20 |   0.0 |   845
           D:5 |       0 |    1023 |   0.0 |       0 |      23 |   0.0 |  1200
           D:6 |       0 |     692 |   0.0 |       0 |      22 |   0.0 |   926
           D:7 |       0 |     873 |   0.0 |       0 |      13 |   0.0 |   541
           D:8 |       0 |    1944 |   0.0 |       0 |      10 |   0.0 |   133
               +---------+---------+-------+---------+---------+-------+---------
